 Dungeon Crawl Stone Soup version 0.30.1-11-g7821555f0a (webtiles) character file.

Game seed: 674086107683501277

80561 Anandil the Fencer (level 15, -6/119 HPs)
             Began as a Demonspawn Fighter on Nov 7, 2023.
             Was a High Priest of Ru.
             Killed from afar by an orc sorcerer (23 damage)
             ... with a bolt of fire
             ... led by an orc knight
             ... on level 2 of the Orcish Mines.
             The game lasted 00:49:17 (26460 turns).

Anandil the Fencer (Demonspawn Fighter)            Turns: 26460, Time: 00:49:17

Health: -6/119     AC: 34    Str: 16    XL:     15   Next: 24%
Magic:  15/15      EV:  8    Int:  8    God:    Ru [*****.]
Gold:   1837       SH:  5    Dex: 24    Spells: 14/14 levels left

rFire   . . .        d - +3 great sword (elec)
rCold   . . .        (shield currently unavailable)
rNeg    . . .        h - +3 chain mail {Will+}
rPois   +            n - +1 helmet
rElec   .            (cloak unavailable)
rCorr   .            m - +2 pair of gloves
SInv    .            M - +1 pair of boots {Fly}
Will    ++...        w - amulet of reflection Stlth
                     B - ring of poison resistance
HPRegen 0.39/turn    t - +6 ring of dexterity
MPRegen 0.14/turn

%: reflection
@: mighty, sanguine armoured, flying
A: dopey 1, powered by pain 2, spiny 2, inability to use devices, hated by all,
no conjurations magic, no fire magic, no hexes magic, missing an eye, sanguine
armour 2, weakness stinger 3, clumsy 1
a: Renounce Religion, Draw Out Power, Power Leap, Apocalypse


You were on level 2 of the Orcish Mines.
You worshipped Ru.
Ru was extremely pleased with you.
You visited 4 branches of the dungeon, and saw 18 of its levels.
You also visited: Ossuary and Bailey.

You collected 1893 gold pieces.
You spent 56 gold pieces at shops.

Inventory:

Hand Weapons
 d - a +3 great sword of electrocution (weapon)
Missiles
 o - 2 curare-tipped darts
 s - 30 poisoned darts
 z - 4 silver javelins
 L - 27 boomerangs (quivered)
Armour
 h - a +3 chain mail of willpower (worn)
 m - a +2 pair of gloves (worn)
 n - a +1 helmet (worn)
 A - a +0 plate armour
 M - a +1 pair of boots of flying (worn)
 Z - a +2 scale mail of cold resistance
Jewellery
 a - a ring of see invisible
 j - a ring of willpower
 t - a +6 ring of dexterity (right hand)
 w - an amulet of reflection (around neck)
 y - a ring of ice
 B - a ring of poison resistance (left hand)
 K - a ring of positive energy
 P - an amulet of regeneration
Scrolls
 g - a scroll of brand weapon
 l - 6 scrolls of fog
 u - 4 scrolls of silence
 v - 10 scrolls of teleportation
 E - 4 scrolls of immolation
 F - 4 scrolls of fear
 J - 3 scrolls of enchant weapon
 O - 4 scrolls of magic mapping
 U - 2 scrolls of poison
 X - 2 scrolls of blinking
Potions
 b - 5 potions of lignification
 c - 2 potions of heal wounds
 e - 11 potions of curing
 f - 3 potions of haste
 i - 9 potions of flight
 p - 7 potions of attraction
 r - a potion of resistance {unknown}
 x - 2 potions of cancellation {unknown}
 D - 4 potions of magic {unknown}
 H - 3 potions of berserk rage
 I - 2 potions of mutation {unknown}
 R - 2 potions of invisibility
 T - 2 potions of might


   Skills:
 + Level 11.2 Fighting
 + Level 15.8 Long Blades
 + Level 8.5 Throwing
 - Level 15.2 Armour
 - Level 4.0 Shields


You had 14 spell levels left.
You didn't know any spells.
Your spell library contained the following spells:

 Spells                   Type           Power      Damage    Failure   Level
 Beastly Appendage        Tmut           0%         N/A       94%         1
 Cigotuvi's Dreadful Rot  Necr/Pois/Air  0%         N/A       98%         2
 Sublimation of Blood     Necr           0%         N/A       98%         2
 Wereblood                Tmut           0%         N/A       98%         2
 Frozen Ramparts          Ice            0%         1d1       100%        3
 Spider Form              Tmut/Pois      0%         N/A       100%        3
 Vampiric Draining        Necr           0%         2d6       100%        3
 Ice Form                 Ice/Tmut       0%         N/A       100%        4
 Olgreb's Toxic Radiance  Pois           0%         N/A       100%        4
 Petrify                  Tmut/Erth      0%         N/A       100%        4
 Borgnjor's Vile Clutch   Necr/Erth      0%         N/A       100%        5
 Slow                     Hex            Unusable   N/A       N/A         1
 Confusing Touch          Hex            Unusable   N/A       N/A         3
 Ignite Poison            Fire/Tmut/Pois Unusable   N/A       N/A         3
 Inner Flame              Hex/Fire       Unusable   N/A       N/A         3
 Animate Dead             Necr           Unusable   N/A       N/A         4
 Summon Ice Beast         Ice/Summ       Unusable   N/A       N/A         4
 Summon Lightning Spire   Summ/Air       Unusable   N/A       N/A         4
 Freezing Cloud           Conj/Ice/Air   Unusable   6-21      N/A         5
 Irradiate                Conj/Tmut      Unusable   3d11      N/A         5
 Silence                  Hex/Air        Unusable   N/A       N/A         5
 Yara's Violent Unravell  Hex/Tmut       Unusable   3d3       N/A         5
 Death Channel            Necr           Unusable   N/A       N/A         6
 Enfeeble                 Hex            Unusable   N/A       N/A         7
 Discord                  Hex            Unusable   N/A       N/A         8
 Ignition                 Fire           Unusable   3d3       N/A         8

Dungeon Overview and Level Annotations

Branches:
Dungeon (10/15)            Temple (1/1) D:7            Lair (5/5) D:10
  Swamp (0/4) Lair:2        Snake (0/4) Lair:2        Slime (0/5) Lair:5
    Orc (2/2) D:9             Elf (0/3) Orc:2       Ossuary (visited)
 Bailey (visited)

Altars:
Ashenzari
Cheibriados
Gozag
Okawaru
Qazlal
Ru
Vehumet
Wu Jian

Shops:
D:2 [   D:6 *   D:7 *   D:9 *   Orc:1 *   Orc:2 !(*[*


Innate Abilities, Weirdness & Mutations

You are dopey. (Int -2)
You sometimes gain power by taking damage.
You are mostly covered in sharp spines.
You cannot study or use magical devices.
You are hated by all.
You cannot study or cast Conjurations magic.
You cannot study or cast Fire magic.
You cannot study or cast Hexes magic.
You are missing an eye, making it more difficult to aim.
When seriously injured, your blood forms thick armour. (AC +9)
You have a sharp stinger which inflicts weakening toxins.
You are clumsy. (Dex -2)


Message History

You kill the two-headed ogre!
Something hits you!
* * * LOW HITPOINT WARNING * * *
Things that are here:
a +0 giant spiked club; a +0 giant club; a two-headed ogre corpse Something hits you but does no damage.
Things that are here:
a +0 dire flail; a +0 giant club An orc knight comes into view.
It is wielding a +0 war axe.
The orc knight shouts!
You hear a shout!
Something hits you but does no damage.
An orc sorcerer comes into view. It is wielding a +0 dagger.
Things that are here:
a +0 giant spiked club; a +0 giant club; a two-headed ogre corpse The orc sorcerer shouts!
You hear a shout! x2
Something hits you but does no damage.
An orc comes into view. It is wielding a +0 flail.
The orc knight roars a battlecry!
An orc comes into view. It is wielding a +0 hand axe.
The orc shouts!
You hear a shout! x3; You hear some strange, mumbled words.
A bolt of magma appears from out of thin air!
The bolt of magma hits you!
* * * LOW HITPOINT WARNING * * *
You hear a shout!
An orc comes into view. It is wielding a +0 club.
You hear a shout!
An orc comes into view. It is wielding a +0 sling of freezing.
You redirect the orc sorcerer's attack!
The orc moves out of view.
You hear a shout!
The orc shouts!
You hear a shout!
The orc shoots a sling bullet.
You hear a shout!
You hear some strange, mumbled words.
A bolt of magma appears from out of thin air!
The bolt of magma hits you!
* * * LOW HITPOINT WARNING * * *
The orc no longer looks unusually strong.
The orc sorcerer points at you and mumbles some strange words.
The bolt of fire hits you!!
You die...

...................#....#......#
................................#
................................#
.....................##....#...##
..................)).#....## .#
.....................##.###
..................#....##
..#......#.......###....# ..
.#...#....#..@.###..##
............#....#.#...#
........#...#.........##
.......##...##.o.#.#.#
.......o...#)..o.#>###
.....o.##...))......# ......#
##....#.#...#
...o..#####.....)..##
........####o#..)..#


You could see an orc sorcerer (strong) and an orc.

Vanquished Creatures
  An orc warlord (Orc:2)
  Fannar (Lair:3)
  4 ogre magi
  A merfolk avatar (Lair:5)
  3 hydras
  2 catoblepae
  A boulder beetle (Lair:4)
  19 two-headed ogres
  13 death yaks
  A tengu warrior (D:8)
  An orc high priest (Orc:2)
  3 skysharks
  A sea snake (Lair:5)
  A lindwurm (Lair:4)
  A bog body (Lair:1)
  A harpy (Lair:5)
  3 orc knights
  An oklob plant (Lair:5)
  An orc sorcerer (Orc:1)
  31 elephants
  A black mamba (Lair:5)
  12 cane toads
  An ice statue (Lair:1)
  4 rime drakes
  8 komodo dragons
  3 ice devils (Lair:1)
  4 polar bears
  5 hornets
  3 trolls (Orc:1)
  Prince Ribbit (D:4)
  7 dream sheep (Lair:2)
  17 blink frogs
  A wraith (D:10)
  4 wyverns
  Sigmund (D:2)
  40 yaks
  4 fire bats (D:9)
  A basilisk (Lair:3)
  4 nagas (Lair:2)
  A steam dragon (D:9)
  7 wargs
  3 swamp worms (Lair:2)
  2 acid dragons
  6 water moccasins
  A hell hound (D:9)
  30 orc warriors
  A hornet zombie (Ossuary)
  An ice beast (D:7)
  2 sky beasts
  4 black bears
  37 ogres
  5 wolves
  2 centaurs
  An elf zombie (D:7)
  3 kobold brigands
  6 bullfrogs
  4 gnoll sergeants
  A two-headed ogre simulacrum (Lair:1)
  2 scorpions
  A scorpion (shapeshifter) (D:8)
  A water moccasin zombie (Ossuary)
  An elf skeleton (D:7)
  10 wights
  A necrophage (D:6)
  9 killer bees
  2 elephant simulacra (Lair:1)
  2 lava snakes (D:9)
  5 centaur zombies
  11 bullfrog zombies
  11 orc priests
  4 jellies (Lair:5)
  4 gnoll boudas
  A hound (D:4)
  3 human zombies
  4 iguanas
  16 orc wizards
  Natasha (thrice) (D:2)
  A spriggan simulacrum (Lair:1)
  6 hell rats (Lair:3)
  A human skeleton (D:7)
  A polar bear simulacrum (Lair:1)
  A killer bee zombie (Ossuary)
  20 mummies
  A howler monkey zombie (Ossuary)
  Robin (D:2)
  41 gnolls
  5 adders
  2 shadow imps (D:6)
  A white imp (D:5)
  2 ufetubi (D:6)
  4 worms
  3 dart slugs
  51 orcs
  7 ball pythons
  6 endoplasms
  2 giant cockroaches
  17 goblins
  16 hobgoblins
  2 jackals (D:3)
  3 quokkas
  3 bats
  3 frilled lizards
  32 kobolds
  An orc skeleton (D:7)
  6 rats
  2 fire vortices (D:9)
660 creatures vanquished.

Vanquished Creatures (others)
  A hydra (Lair:2)
  A manticore (D:8)
  A cane toad (Lair:1)
  2 ogres (Orc:2)
  A gnoll (Orc:2)
  A fire vortex (D:9)
7 creatures vanquished.

Grand Total: 667 creatures vanquished

Notes
Turn   | Place    | Note
-------+----------+-------------------------------------------
     0 | D:1      | Anandil the Demonspawn Fighter began the quest for the Orb.
     0 | D:1      | Reached XP level 1. HP: 18/18 MP: 1/1
   114 | D:1      | Gained mutation: You sometimes gain a little power by
                  | taking damage. [demonic ancestry]
   114 | D:1      | Reached XP level 2. HP: 24/24 MP: 2/2
   396 | D:1      | Found a faded altar of an unknown god.
   515 | D:1      | Gained mutation: You have a small tail. [demonic ancestry]
   515 | D:1      | Reached XP level 3. HP: 29/29 MP: 3/3
   794 | D:2      | Noticed Robin
   851 | D:2      | Killed Robin
  1051 | D:2      | Reached XP level 4. HP: 35/35 MP: 4/4
  1056 | D:2      | Found Leenade's Armour Emporium.
  1478 | D:2      | Noticed Natasha
  1488 | D:2      | Killed Natasha
  1745 | D:2      | Noticed Sigmund
  1868 | D:2      | Killed Sigmund
  1869 | D:2      | Gained mutation: You sometimes gain power by taking damage.
                  | [demonic ancestry]
  1869 | D:2      | Reached XP level 5. HP: 40/42 MP: 5/5
  2077 | D:2      | Found Leenade's Armour Emporium.
  2483 | D:2      | Noticed Natasha
  2496 | D:2      | Killed Natasha
  2497 | D:2      | Gained mutation: You are partially covered in sharp spines.
                  | [demonic ancestry]
  2497 | D:2      | Reached XP level 6. HP: 40/48 MP: 6/6
  2903 | D:2      | Found Leenade's Armour Emporium.
  2939 | D:2      | Noticed Natasha
  2947 | D:2      | Killed Natasha
  4122 | D:4      | Found a blossoming altar of Fedhas.
  4274 | D:4      | Gained mutation: When seriously injured, your blood forms
                  | armour. (AC +9) [demonic ancestry]
  4274 | D:4      | Reached XP level 7. HP: 55/55 MP: 7/7
  4301 | D:4      | Reached skill level 5 in Fighting
  4817 | D:5      | Entered Level 5 of the Dungeon
  5012 | D:5      | Reached skill level 5 in Armour
  5092 | D:5      | Noticed Prince Ribbit
  5258 | D:5      | Gained mutation: You have a tail ending in a sharp stinger.
                  | [demonic ancestry]
  5258 | D:5      | Reached XP level 8. HP: 64/64 MP: 8/8
  5442 | D:4      | Killed Prince Ribbit
  5443 | D:4      | Reached skill level 5 in Long Blades
  6164 | D:6      | Gained mutation: You are mostly covered in sharp spines.
                  | [demonic ancestry]
  6164 | D:6      | Reached XP level 9. HP: 69/72 MP: 9/9
  6185 | D:6      | Found a basalt altar of Yredelemnul.
  6780 | D:6      | Found Zin's Purification Station.
  6913 | D:7      | Found a sand-covered staircase.
  6936 | Ossuary  | Entered an ossuary
  7534 | D:7      | Reached XP level 10. HP: 82/82 MP: 10/10
  7578 | D:7      | Identified the +2 robe of Darkness {Harm Str+4}
  7588 | D:7      | Identified the +3 cloak of Unambiguity {rCorr Str+3 Int+3
                  | Dex+3}
  7660 | D:7      | Found Ea-nāṣir's Fine Metal Goods.
  7826 | D:7      | Found a staircase to the Ecumenical Temple.
  7908 | Temple   | Entered the Ecumenical Temple
  7985 | Temple   | Became a worshipper of Ru the Awakened
  8492 | D:8      | Noticed a tengu warrior
  8515 | D:8      | Killed a tengu warrior
  8524 | D:8      | Noticed a manticore
  8534 | D:8      | Killed a manticore
  8587 | D:8      | Found a flagged portal.
  8606 | Bailey   | Entered a bailey
  8743 | Bailey   | Identified the +6 spear "Fuivobb" {vamp, Drain rC+++ Str+3
                  | SInv}
  8893 | Bailey   | Gained mutation: You are dopey. (Int -2) [Ru sacrifice]
  9105 | Bailey   | Reached skill level 1 in Throwing
  9835 | Bailey   | Got Sif Muna's Guidebook on Command and Bad Luck
 10129 | D:8      | Found a stormy altar of Qazlal.
 10391 | D:9      | Reached skill level 10 in Fighting
 10711 | D:9      | Reached XP level 11. HP: 85/90 MP: 11/11
 10874 | D:9      | Found a staircase to the Orcish Mines.
 11147 | D:9      | Noticed a two-headed ogre
 11153 | D:9      | Killed a two-headed ogre
 11196 | D:9      | Found Sova Tit's Assorted Antiques.
 11204 | D:9      | Bought a scroll labelled ZIONAT CUWAO for 28 gold pieces
 11204 | D:9      | Bought a scroll labelled YLUINU OGAAVEIS for 28 gold pieces
 11539 | D:9      | Identified the staff of poison "Diar" {rPois Str+3 Int+3
                  | Stlth-}
 11856 | D:10     | Entered Level 10 of the Dungeon
 11954 | D:10     | Gained mutation: You are missing an eye, making it more
                  | difficult to aim. [Ru sacrifice]
 11954 | D:10     | Reached * piety under Ru
 12324 | D:10     | Noticed a death yak
 12324 | D:10     | Noticed a death yak
 12325 | D:10     | Noticed a death yak
 12344 | D:10     | Killed a death yak
 12345 | D:10     | Reached skill level 10 in Armour
 12348 | D:10     | Killed a death yak
 12357 | D:10     | Killed a death yak
 12357 | D:10     | Noticed a death yak
 12358 | D:10     | Reached skill level 10 in Long Blades
 12360 | D:10     | Noticed a death yak
 12366 | D:10     | Killed a death yak
 12367 | D:10     | Reached skill level 5 in Throwing
 12373 | D:10     | Killed a death yak
 12528 | D:10     | Found a staircase to the Lair.
 12802 | Lair:1   | Entered Level 1 of the Lair of Beasts
 12880 | Lair:1   | Noticed a catoblepas
 12904 | Lair:1   | Killed a catoblepas
 12905 | Lair:1   | Gained mutation: When seriously injured, your blood forms
                  | thick armour. (AC +9) [demonic ancestry]
 12905 | Lair:1   | Reached XP level 12. HP: 40/97 MP: 12/12
 13392 | Lair:1   | Noticed a death yak
 13672 | Lair:1   | Killed a death yak
 15471 | Lair:1   | Noticed a death yak
 15485 | Lair:1   | Killed a death yak
 15723 | Lair:1   | Identified the ring of Midsummer {MP+9 Int+2}
 16103 | Lair:2   | Found a staircase to the Snake Pit.
 16336 | Lair:2   | Gained mutation: You are hated by all. [Ru sacrifice]
 16336 | Lair:2   | Reached ** piety under Ru
 16336 | Lair:2   | Reached *** piety under Ru
 16481 | Lair:2   | Noticed an eight-headed hydra
 16526 | Lair:2   | Killed an eight-headed hydra
 17113 | Lair:2   | Noticed a six-headed hydra
 17117 | Lair:2   | Noticed an eight-headed hydra
 17120 | Lair:2   | Killed a six-headed hydra
 17121 | Lair:2   | Reached XP level 13. HP: 90/103 MP: 13/13
 17221 | Lair:2   | Found a staircase to the Swamp.
 17324 | Lair:3   | Noticed Fannar
 17330 | Lair:3   | Killed Fannar
 19427 | Lair:4   | Gained mutation: You cannot study or cast Fire magic. [Ru
                  | sacrifice]
 19427 | Lair:4   | Gained mutation: You cannot study or cast Hexes magic. [Ru
                  | sacrifice]
 19427 | Lair:4   | Gained mutation: You cannot study or cast Conjurations
                  | magic. [Ru sacrifice]
 19427 | Lair:4   | Reached **** piety under Ru
 19735 | Lair:5   | Entered Level 5 of the Lair of Beasts
 20549 | Lair:5   | Reached XP level 14. HP: 89/110 MP: 14/14
 20748 | Lair:5   | Found a staircase to the Slime Pits.
 22351 | Lair:5   | Reached skill level 15 in Armour
 22769 | Orc:1    | Entered Level 1 of the Orcish Mines
 22781 | Orc:1    | Reached skill level 15 in Long Blades
 22792 | Orc:1    | Found Quzuere Kaih's Assorted Antiques.
 23023 | Orc:1    | Gained mutation: You cannot study or use magical devices.
                  | [Ru sacrifice]
 23023 | Orc:1    | Reached ***** piety under Ru
 23268 | Orc:2    | Entered Level 2 of the Orcish Mines
 23700 | Orc:2    | Gained mutation: You are clumsy. (Dex -2) [a neqoxec]
 24382 | Orc:2    | Gained mutation: You have a sharp stinger which inflicts
                  | weakening toxins. [demonic ancestry]
 24382 | Orc:2    | Reached XP level 15. HP: 66/117 MP: 15/15
 24723 | Orc:2    | Found Cudoskimoz's Antique Weapon Shop.
 24723 | Orc:2    | Found Vitiy's Antique Armour Shoppe.
 24724 | Orc:2    | Found Naowih's Assorted Antiques.
 24724 | Orc:2    | Found Fary's General Store.
 26100 | Orc:2    | Found Zitok's Distillery.
 26378 | Orc:2    | Found a staircase to the Elven Halls.
 26460 | Orc:2    | Killed from afar by an orc sorcerer

Illustrated notes

Levels and vault maps discovered:
D:1:      scummos_arrival_checkerplants, layout_loops_ring,
          ebering_ecumenical_altar_rust, hangedman_decor_points
D:2:      layout_basic, serial_shops, nicolae_shop_tiny_statue_garden,
          corner_web_ring, minmay_misc_feat_pillars, uniq_natasha, uniq_robin,
          uniq_sigmund
D:3:      layout_basic
D:4:      layout_basic, fedhas_ov_isle_minmay
D:5:      layout_rooms, uniq_prince_ribbit1
D:6:      layout_loops_cross, zin_purify, lemuel_mausoleum_altar_yredelemnul,
          chequers_serial_rivers_marsh
D:7:      layout_loops_ring, temple_green, nicolae_ossuary_entry_catacombs,
          nicolae_ea-nasir_strikes_again
D:8:      layout_loops_ring, mainiacjoe_overflow_small_starburst,
          enter_bailey_5, minmay_radiant
D:9:      layout_cross, minmay_orc_entry_guard_dogs, serial_shops, shop,
          hangedman_abyss_or_decor_lesser_grid, hangedman_decor_lopped,
          grunt_ministairs_4, hangedman_incinerator
D:10:     layout_layer_cave, dpeg_lair_monsters
Temple:   dpeg_five_rooms_temple
Lair:1:   dreamdust_isle_of_ice, layout_layer_cave, st_stairs_7,
          grunt_megastairs_3, infiniplex_staircase_pool, serial_bayou_shore_b
Lair:2:   layout_roguey, palyth_hydra_swamp_entry,
          minmay_snake_entry_guardpost_small
Lair:3:   layout_chaotic_city, st_stairs_7, infiniplex_staircase_pool_2,
          serial_bayou_shore_b, uniq_fannar
Lair:4:   layout_loops_ring, serial_bayou_shore_b
Lair:5:   gammafunk_lair_ancient_temple, layout_long_grid,
          nicolae_slime_entry_field_trip, serial_bayou_pond_a
Orc:1:    layout_diamond_mine, basic_altar, serial_shops,
          nicolae_shop_tiny_glass, nicolae_orc_sculptors_studio
Orc:2:    st_orc_ogre_mass, layout_caves, serial_shops,
          nicolae_shop_behind_doors, minmay_orc_treasury

Skill      XL: |  1  2  3  4  5  6  7  8  9 10 11 12 13 14 15 |
---------------+----------------------------------------------+-----
Long Blades    | 2 3 4 6 7 9 10 12 14 15 | 15.8
Armour         | 3 4 5 6 7 9 10 12 14 15 | 15.2
Shields        | 3 4 |  4.0
Fighting       | 4 5 7 8 10 11 | 11.2
Throwing       | 2 5 7 8 |  8.5

Action                     |  1- 3 |  4- 6 |  7- 9 | 10-12 | 13-15 || total
---------------------------+-------+-------+-------+-------+-------++-------
  Melee: Long sword        |   100 |   128 |   438 |    76 |       ||   742
         Tailslap          |     4 |    16 |    75 |    70 |   135 ||   300
         Great sword       |       |       |       |   394 |   718 ||  1112
  Throw: Dart              |       |     6 |       |     2 |     8 ||    16
         Boomerang         |       |       |       |    84 |    28 ||   112
         Javelin           |       |       |       |     5 |     9 ||    14
 Invoke: Sacrifice Purity  |       |       |       |     1 |       ||     1
         Sacrifice an Eye  |       |       |       |     1 |       ||     1
         Sacrifice Love    |       |       |       |     1 |       ||     1
         Draw Out Power    |       |       |       |       |     3 ||     3
         Sacrifice Arcana  |       |       |       |       |     1 ||     1
         Sacrifice Artific |       |       |       |       |     1 ||     1
    Use: Scroll            |       |     4 |     7 |     7 |     4 ||    22
         Potion            |       |       |       |     4 |     2 ||     6
   Stab: Distracted        |       |       |       |     1 |     3 ||     4
         Petrified         |       |       |       |       |     3 ||     3
         Invisible         |       |       |       |       |     7 ||     7
         Paralysed         |       |       |       |       |     1 ||     1
 Armour: Scale mail        |    57 |    73 |   149 |    20 |       ||   299
         Plate armour      |       |       |    67 |   350 |   644 ||  1061
         Chain mail        |       |       |       |       |    37 ||    37
  Dodge: Dodged            |    53 |    52 |   140 |   157 |   293 ||   695
  Block: Buckler           |    23 |    44 |   292 |    70 |       ||   429
         Reflection        |       |       |     4 |     6 |       ||    10
         Other             |       |       |       |   105 |   195 ||   300
